 Dungeon Crawl Stone Soup version 0.28-a0-1395-g4f6bc678fa (webtiles) character file.

Game seed: 16751020382875416588

34 ipx the Skirmisher (level 3, -2/23 HPs)
             Began as a Gargoyle Arcane Marksman on Jan 5, 2022.
             Slain by Edmund (7 damage)
             ... on level 5 of the Dungeon.
             The game lasted 00:12:46 (927 turns).

ipx the Skirmisher (Gargoyle Arcane Marksman)        Turns: 927, Time: 00:12:46

Health: -2/23      AC:  5    Str: 15    XL:     3   Next: 31%
Magic:  4/4        EV: 11    Int: 13    God:
Gold:   49         SH:  0    Dex: 10    Spells: 3/4 levels left

rFire   . . .      SeeInvis .   a - +0 dagger
rCold   . . .      Faith    .   (no shield)
rNeg    + . .      Spirit   .   e - +0 robe
rPois   ∞          Reflect  .   (no helmet)
rElec   +          Harm     .   (no cloak)
rCorr   .          Rampage  .   (no gloves)
Will    .....                   (no boots)
Stlth   +.........              J - amulet of regeneration
HPRegen 0.87/turn               (no ring)
MPRegen 0.09/turn               (no ring)

@: no status effects
A: sickness immunity, AC +3, negative energy resistance 1, electricity
resistance, torment resistance 1, petrification resistance
a: no special abilities


You were on level 5 of the Dungeon.
You visited 1 branch of the dungeon, and saw 5 of its levels.

You collected 49 gold pieces.

Inventory:

Hand Weapons
 a - a +0 dagger (weapon)
Armour
 d - an orb of mayhem
 e - a +0 robe (worn)
Jewellery
 I - a ring of ice
 J - an amulet of regeneration (around neck)
Scrolls
 b - a scroll of identify


   Skills:
 + Level 3.4 Fighting
 - Level 1.7 Throwing
 - Level 1.5 Dodging
 - Level 1.0 Spellcasting
 - Level 2.6 Hexes


You had 3 spell levels left.
You knew the following spells:

 Your Spells              Type           Power      Damage    Failure   Level
a - Slow                  Hex            28%        N/A       10%         1

Your spell library contained the following spells:

 Spells                   Type           Power      Damage    Failure   Level
 Inner Flame              Hex/Fire       4%         N/A       43%         3
 Portal Projectile        Hex/Tloc       8%         N/A       43%         3
 Cause Fear               Hex            3%         N/A       67%         4


Dungeon Overview and Level Annotations

Branches:
Dungeon (6/15)
 Temple: D:4-7

Altars:

Annotations:
D:5 Edmund
D:6 Grinder


Innate Abilities, Weirdness & Mutations

You are immune to sickness and miasma.
Your stone body is resilient. (AC +3)
You are immune to poison.
You resist negative energy. (rN+)
You are resistant to electric shocks. (rElec)
You are resistant to unholy torment.
You are immune to petrification.


Message History

Edmund seems to slow down.
Edmund is no longer moving slowly.
Casting: Slow (safe; 10% risk of failure)
Confirm with . or Enter, or press ? or * to list all spells.
Aiming: Slow (safe; 10% risk of failure)
Press: ? - help, Shift-Dir - straight line, f/p - Edmund
Aim: Edmund, wielding a +1 dire flail of protection and wearing a +0 ring mail (chance to affect: 44%) Edmund resists with some effort.
Casting: Slow (safe; 10% risk of failure)
Confirm with . or Enter, or press ? or * to list all spells.
Aiming: Slow (safe; 10% risk of failure)
Press: ? - help, Shift-Dir - straight line, f/p - Edmund
Aim: Edmund, wielding a +1 dire flail of protection and wearing a +0 ring mail (chance to affect: 44%) Edmund seems to slow down.
The orc wizard casts a spell at you.
You are confused.
You bump into the rock wall.
Unknown command.
You aren't carrying any potions.
You are too confused!
The orc wizard hits you but does no damage.
You bump into the rock wall.
The orc wizard hits you but does no damage.
You bump into the rock wall.
The orc wizard hits you but does no damage.
You bump into the rock wall.
You feel less confused.
The orc wizard hits you with a +1 vampiric dagger.
You hit the orc wizard but do no damage.
The orc wizard closely misses you.
You hit the orc wizard.
The orc wizard is lightly wounded.
Edmund hits you with a +1 dire flail of protection!
The orc wizard casts a spell at you. The puff of flame hits you.
* * * LOW HITPOINT WARNING * * *
You hit the orc wizard but do no damage.
The orc wizard is lightly wounded.
Edmund hits you with a +1 dire flail of protection!
You die...

. #.###.#.##..........#
######.###.#.##.o#.###...#
#......o.....##......#...#
#............##..###.#...#
#............##..# .#...#
#............##..###.#...#
#..........#.#...........#
#..........#.###@#####...#
#..........#..o@.........#
#..........##.##.#####.#.....
#..........##..#.# #.# .#.
#..........###@#.# #.#
#..........# #.#.# #.#
#..........###.#.#####.#
#......................#
#..........###...#######
############# ##..#


You could see Edmund, an orc wizard and an orc.

Vanquished Creatures
  A worm (D:2)
  A dart slug (D:2)
  5 ball pythons
  2 bats
  2 endoplasms (D:1)
  A giant cockroach (D:1)
  2 goblins (D:1)
  3 hobgoblins
  2 kobolds (D:2)
  2 quokkas
  A frilled lizard (D:1)
  4 rats
26 creatures vanquished.

Notes
Turn   | Place    | Note
-------+----------+-------------------------------------------
     0 | D:1      | ipx the Gargoyle Arcane Marksman began the quest for the
                  | Orb.
     0 | D:1      | Reached XP level 1. HP: 12/12 MP: 2/2
   114 | D:1      | Reached skill level 2 in Fighting
   115 | D:1      | Reached XP level 2. HP: 17/17 MP: 3/3
   391 | D:1      | Found a faded altar of an unknown god.
   525 | D:2      | Reached skill level 3 in Fighting
   529 | D:2      | Reached XP level 3. HP: 23/23 MP: 4/4
   725 | D:3      | You fall into a shaft and drop 2 floors!
   725 | D:5      | Entered Level 5 of the Dungeon
   725 | D:5      | Noticed a necrophage
   767 | D:5      | Noticed an ogre
   768 | D:5      | HP: 1/23 [necrophage (5)]
   786 | D:6      | Noticed Grinder
   797 | D:5      | Noticed Edmund
   927 | D:5      | Slain by Edmund

Illustrated notes

Levels and vault maps discovered:
D:1:      dpeg_arrival_oval, layout_basic, shapermc_ecumenical_altar_pompeii
D:2:      layout_loops_ring
D:3:      layout_rooms, serial_shops, shop, shop_fountains,
          minmay_pentomino_pile
D:5:      layout_basic, nemelex_xobeh_ov_fountains_minmay, kennysheep_mini_moat,
          general_overflow_altar, kennysheep_generic_room_10, uniq_edmund
D:6:      layout_layer_cave, kiku_gazebo_garden_becter, amcnicky_altar_gilded,
          biasface_ghost_orc_armoury, serial_shops, nicolae_shop_crystal,
          serial_undead, serial_undead_c, serial_undead_e, serial_undead_f,
          serial_undead_c, serial_undead_e, serial_undead_b,
          minmay_misc_feat_cross, uniq_grinder

Skill      XL: |  1  2 |
---------------+-------+-----
Fighting       | 2 3 |  3.4
Throwing       | |  1.7
Dodging        | |  1.5
Spellcasting   | |  1.0
Hexes          | |  2.6

Action                   || total
-------------------------++-------
Melee: Unarmed           ||    36
       Dagger            ||    95
Throw: Javelin           ||    26
       Throwing net      ||     3
 Cast: Slow              ||    11
  Use: Scroll            ||     2
       Potion            ||     2
 Stab: Sleeping          ||     1
Armor: Robe              ||    41
Dodge: Dodged            ||    82

Table legend: (Time is in decaauts)
 A = Elapsed time spent in this place.
 B = Non-inter-level travel time spent in this place.
 C = Inter-level travel time spent in this place.
 D = Time resting spent in this place.
 E = Time spent auto-exploring this place.
 F = Levels seen in this place.
 G = Mean time per level.
                   A        B        C        D        E       F      G
               +--------+--------+--------+--------+--------+-----+--------+
         Total |    937 |    937 |      0 |      0 |      0 |   5 |  187.4 |
       Dungeon |    937 |    937 |      0 |      0 |      0 |   5 |  187.4 |
               +--------+--------+--------+--------+--------+-----+--------+

Top non-repeatable levels by time:
     D:1: 438 daAuts
     D:2: 295 daAuts
     D:5: 192 daAuts
     D:6: 10 daAuts
